 Dungeon Crawl Stone Soup version 0.27.1-3-gb3d3a73c9e (webtiles) character file.

Game seed: 2391743634587262138

246 Urokeeper the Archer (level 5, 0/43 HPs)
             Began as a Deep Elf Hunter on Oct 13, 2021.
             Slain by an orc wizard (2 damage)
             ... on level 3 of the Dungeon.
             The game lasted 00:07:58 (3080 turns).

Urokeeper the Archer (Deep Elf Hunter)              Turns: 3080, Time: 00:07:59

Health: 0/43       AC:  3    Str:  9    XL:     5   Next: 84%
Magic:  7/7        EV: 12    Int: 16    God:
Gold:   197        SH:  0    Dex: 16    Spells: 4/4 levels left

rFire    . . .     SeeInvis .   b - +0 short sword
rCold    . . .     Faith    .   (no shield)
rNeg     . . .     Spirit   .   c - +0 leather armour
rPois    .         Reflect  .   (no helmet)
rElec    .         Harm     .   (no cloak)
rCorr    .         Rampage  .   (no gloves)
Will     .....                  (no boots)
Stlth    ..........             (no amulet)
HPRegen  0.14/turn              (no ring)
MPRegen  0.10/turn              (no ring)

@: berserking, very quick
A: no striking features
a: no special abilities


You were on level 3 of the Dungeon.
You visited 1 branch of the dungeon, and saw 4 of its levels.

You collected 197 gold pieces.

Inventory:

Hand Weapons
 a - a +1 shortbow
 b - a +0 short sword (weapon)
Missiles
 d - 33 arrows
 k - 2 throwing nets (quivered)
Armour
 c - a +0 leather armour (worn)
Scrolls
 e - a scroll of identify
 f - a scroll of magic mapping
 h - a scroll of fog
 l - a scroll of immolation {unknown}
Potions
 g - a potion of magic
 i - a potion of lignification


   Skills:
 - Level 1.5 Fighting
 * Level 9.4 Bows
 - Level 2.4 Dodging
 - Level 1.2 Stealth


You had 4 spell levels left.
You didn't know any spells.
Your spell library contained the following spells:

 Spells                   Type           Power      Damage    Failure   Level
 Animate Skeleton         Necr           0%         N/A       34%         1
 Pain                     Necr           0%         1d4       34%         1
 Blink                    Tloc           N/A        N/A       47%         2
 Lesser Beckoning         Tloc           0%         N/A       71%         3
 Vampiric Draining        Necr           0%         2d6       71%         3
 Manifold Assault         Tloc           0%         N/A       100%        5


Dungeon Overview and Level Annotations

Branches:
Dungeon (4/15)
 Temple: D:4-7

Altars:
Yredelemnul


Message History

You cannot move. (Use ctrl+direction or * direction to attack without moving.)
You cannot move. (Use ctrl+direction or * direction to attack without moving.)
You cannot move. (Use ctrl+direction or * direction to attack without moving.)
You cannot move. (Use ctrl+direction or * direction to attack without moving.)
The orc wizard hits you but does no damage.
You feel less wooden.
Your +0 leather armour unmelds from your body.
The orc wizard hits you but does no damage.
You hit the orc wizard but do no damage.
The orc wizard hits you but does no damage.
The orc wizard closely misses you.
Items here: (( )) [.
You feel less confused. The orc wizard completely misses you.
You see here 3 arrows.
You hit the orc wizard but do no damage.
The orc wizard casts a spell at you. You resist with some effort.
You barely miss the orc wizard. The orc wizard barely misses you.
You hit the orc wizard but do no damage.
The orc wizard gestures at you while chanting.
The magic dart hits you!
* * * LOW HITPOINT WARNING * * *
It was a potion of berserk rage.
A red film seems to cover your vision as you go berserk!
You feel yourself moving faster!
You feel mighty!
The orc wizard hits you but does no damage.
You hit the orc wizard.
The orc wizard is lightly wounded.
The orc wizard mumbles some strange words.
The orc wizard flickers and vanishes!
Deactivating autopickup; reactivate with Ctrl-A.
You puncture something! Something hits you but does no damage.
Your leather armour prevents you from hitting something.
Something hits you.
* * * LOW HITPOINT WARNING * * *
You closely miss something.
Your leather armour prevents you from hitting something.
Something hits you.
You die...

.............#
##.###.......# #.#
##..##.#####.# #.#
...........#.# #.#
...........# # #.# #
...........# #.#.#
...........#.###.#(#####
...........#............
......)....#####@#
......>....[.(){.#.#
...........##(.(...#
...........##.######
...........##.#
...........##.#
#############.# #.. ###


There were no monsters in sight!

Vanquished Creatures
  2 hounds (D:4)
  An orc priest (D:3)
  5 gnolls
  3 adders
  4 dart slugs
  A worm (D:3)
  5 orcs
  5 ball pythons
  7 endoplasms
  2 giant cockroaches (D:2)
  4 goblins
  3 hobgoblins
  7 jackals (D:1)
  6 kobolds
  A quokka (D:1)
  4 bats
  6 frilled lizards
  4 rats
  A spectral kobold (D:2)
71 creatures vanquished.

Notes
Turn   | Place    | Note
-------+----------+-------------------------------------------
     0 | D:1      | Urokeeper the Deep Elf Hunter began the quest for the Orb.
     0 | D:1      | Reached XP level 1. HP: 12/12 MP: 3/3
    19 | D:1      | Reached skill level 6 in Bows
    19 | D:1      | Reached XP level 2. HP: 16/16 MP: 4/4
   290 | D:1      | Reached XP level 3. HP: 6/20 MP: 5/5
   804 | D:1      | Reached skill level 7 in Bows
  1080 | D:2      | Found a basalt altar of Yredelemnul.
  1212 | D:1      | Reached XP level 4. HP: 25/25 MP: 6/6
  1440 | D:2      | Found a faded altar of an unknown god.
  2003 | D:3      | Reached skill level 8 in Bows
  2528 | D:4      | Reached XP level 5. HP: 29/29 MP: 7/7
  2589 | D:4      | Reached skill level 9 in Bows
  3078 | D:3      | HP: 2/43 [something (2)]
  3080 | D:3      | Slain by an orc wizard

Illustrated notes

Levels and vault maps discovered:
D:1:      co_arrival_square_in_a_square_in_a_square, layout_basic,
          minmay_indecisive_spiral
D:2:      layout_loops_cross, dreamdust_ecumenical_altar_drowned_temple,
          basic_altar
D:3:      layout_basic, nicolae_overflow_hidden_temple,
          chequers_decorated_corner, nicolae_underground_beach
D:4:      layout_cave_pools, minmay_temple_entry_nine_rooms, minivault_11

Skill      XL: |  1  2  3  4  5 |
---------------+----------------+-----
Bows           | 6 7 8 9 |  9.4
Fighting       | |  1.5
Dodging        | |  2.4
Stealth        | |  1.2

Action                   |  1- 3 |  4- 6 || total
-------------------------+-------+-------++-------
Melee: Short sword       |     1 |    12 ||    13
 Fire: Shortbow          |    96 |   124 ||   220
  Use: Potion            |     3 |     2 ||     5
       Scroll            |       |     3 ||     3
Armor: Leather armour    |    10 |     9 ||    19
       Skin              |     3 |    35 ||    38
Dodge: Dodged            |    38 |    26 ||    64
